 Dungeon Crawl Stone Soup version 0.28-a0-1038-g9c4cb8273d (webtiles) character file.

Game seed: 6465866788132397142

15169 browni3141 the Tainter (level 12, -7/84 HPs)
             Began as an Octopode Venom Mage on Dec 9, 2021.
             Was a High Priest of Ru.
             Mangled by a boulder beetle (58 damage)
             ... on level 11 of the Dungeon.
             The game lasted 00:45:29 (14550 turns).

browni3141 the Tainter (Octopode Venom Mage)       Turns: 14550, Time: 00:45:30

Health: -7/84      AC:  1    Str:  8    XL:     12   Next: 24%
Magic:  4/21       EV: 16    Int: 22    God:    Ru [*****.]
Gold:   668        SH:  0    Dex: 12    Spells: 13/23 levels left

rFire   . . .      SeeInvis .   C - +5 dagger
rCold   . . .      Faith    .   (helmet restricted)
rNeg    . . .      Spirit   .   m - amulet of regeneration
rPois   .          Reflect  .   d - +4 ring of slaying
rElec   .          Harm     .   k - ring of willpower
rCorr   .          Rampage  .   (no ring)
Will    .....                   (no ring)
Stlth   +++++.....              (no ring)
HPRegen 1.04/turn               (no ring)
MPRegen 0.17/turn               (no ring)

@: no status effects
A: almost no armour, amphibious, 7 rings, camouflage 1, gelatinous body 1,
missing a hand, hated by all, weak-willed 1, (nimble swimmer 1), tentacles
a: Renounce Religion, Draw Out Power, Power Leap, Apocalypse


You were on level 11 of the Dungeon.
You worshipped Ru.
Ru was extremely pleased with you.
You visited 1 branch of the dungeon, and saw 12 of its levels.

You collected 668 gold pieces.

Inventory:

Hand Weapons
 C - a +5 dagger (weapon)
Missiles
 i - 5 silver javelins
 y - 5 throwing nets
Jewellery
 d - a +4 ring of slaying (left tentacle)
 k - a ring of willpower (right tentacle)
 m - an amulet of regeneration (around mantle)
Wands
 e - a wand of flame (12)
 w - a wand of paralysis (7)
 B - a wand of acid (3)
 D - a wand of iceblast (6)
 G - a wand of mindburst (6)
Scrolls
 a - 4 scrolls of amnesia
 h - a scroll of fear
 j - 2 scrolls of magic mapping
 o - 8 scrolls of teleportation
 r - a scroll of silence
 s - a scroll of noise {unknown}
 v - a scroll of enchant weapon {unknown}
 A - a scroll of blinking {unknown}
 F - a scroll of summoning {unknown}
Potions
 b - a potion of berserk rage
 c - a potion of attraction {unknown}
 f - 4 potions of curing {unknown}
 g - 2 potions of heal wounds
 l - 2 potions of lignification {unknown}
 n - 3 potions of degeneration {unknown}
 p - a potion of ambrosia
 q - a potion of invisibility {unknown}
 t - 2 potions of cancellation {unknown}
 u - 3 potions of mutation {unknown}
 x - a potion of magic {unknown}
 z - a potion of brilliance {unknown}
 E - a potion of resistance {unknown}
 H - 2 potions of flight {unknown}


   Skills:
 * Level 8.3 Fighting
 * Level 4.0 Short Blades
 * Level 8.7 Dodging
 * Level 8.8 Stealth
 - Level 5.1 Unarmed Combat
 * Level 6.4 Spellcasting
 - Level 3.0 Conjurations
 - Level 1.0 Transmutations
 - Level 3.0 Air Magic
 - Level 12.1 Poison Magic
 + Level 2.3 Evocations


You had 13 spell levels left.
You knew the following spells:

 Your Spells              Type           Power      Damage    Failure   Level
a - Sting                 Tmut/Pois      100%       1d8       1%          1
b - Poisonous Vapours     Pois/Air       80%        N/A       1%          2
c - Mephitic Cloud        Conj/Pois/Air  33%        N/A       2%          3
d - Olgreb's Toxic Radia  Pois           57%        N/A       1%          4

Your spell library contained the following spells:

 Spells                   Type           Power      Damage    Failure   Level
 Magic Dart               Conj           80%        1d7       2%          1
 Ignite Poison            Fire/Tmut/Pois 26%        N/A       4%          3
 Swiftness                Air            20%        N/A       8%          3
 Slow                     Hex            28%        N/A       9%          1
 Passwall                 Tmut/Erth      7%         N/A       11%         2
 Ensorcelled Hibernation  Hex/Ice        14%        N/A       13%         2
 Conjure Flame            Conj/Fire      13%        6-21      14%         3
 Confusing Touch          Hex            7%         N/A       26%         3
 Ozocubu's Armour         Ice            7%         N/A       26%         3
 Vampiric Draining        Necr           7%         2d6       26%         3
 Fulminant Prism          Conj/Hex       6%         3d7       43%         4
 Iskenderun's Mystic Bla  Conj/Tloc      13%        2d5       43%         4
 Sticky Flame             Conj/Fire      13%        2d4       43%         4
 Lee's Rapid Deconstruct  Erth           3%         3d6*      94%         5
 Metabolic Englaciation   Hex/Ice        3%         N/A       94%         5
 Tukima's Dance           Hex            Unusable   N/A       N/A         3
 Simulacrum               Ice/Necr       Unusable   N/A       N/A         6

Dungeon Overview and Level Annotations

Branches:
Dungeon (12/15)            Temple (0/1) D:5            Lair (0/6) D:11
    Orc: D:9-12

Altars:
Ashenzari
Dithmenos
Gozag
Hepliaklqana
Makhleb
Ru
Trog
Uskayaw
Xom
Zin

Shops:
D:9 *

Annotations:
D:10 2 transporters, Woods's ghost, novice DjFE
D:11 Urug


Innate Abilities, Weirdness & Mutations

You cannot wear most types of armour.
You are amphibious.
You can wear up to seven rings at the same time.
Your skin changes colour to match your surroundings (Stealth+).
Your rubbery body absorbs attacks. (AC +1, EV +1)
You are missing a hand.
You are hated by all.
You are slightly weak-willed. (Will-)
((You are camouflaged near water. (Stealth+)))
You have tentacles for arms and can constrict up to seven enemies at once.


Message History

The boulder beetle is heavily wounded.
Your toxic aura wanes.
The boulder beetle curls into a ball and begins rolling!
You see here a scroll labelled KIHYONT ELUL.
Unknown command.
Casting: Olgreb's Toxic Radiance (mildly dangerous; 1% risk of failure)
Confirm with . or Enter, or press ? or * to list all spells.
Aiming: Mephitic Cloud (mildly dangerous; 2% risk of failure)
Press: ? - help, Shift-Dir - straight line, f - boulder beetle
Aim: a boulder beetle (heavily wounded, rolling, very poisoned, softly glowing, chance to affect: 43%)
The ball explodes into a vile cloud!
The stinking cloud engulfs the boulder beetle but does no damage.
The boulder beetle is heavily wounded.
The boulder beetle is engulfed in noxious fumes.
The boulder beetle closely misses you.
The boulder beetle stops rolling and uncurls.
Unknown command.
Unknown command.
Casting: Mephitic Cloud (mildly dangerous; 2% risk of failure)
Confirm with . or Enter, or press ? or * to list all spells.
You don't have enough magic to cast this spell.
Unknown command.
You hit the boulder beetle but do no damage.
The boulder beetle is severely wounded.
The boulder beetle bites you!!
Unknown command.
You hit the boulder beetle but do no damage.
You squeeze the boulder beetle, but do no damage.
The boulder beetle is severely wounded.
Unknown command.
You hit the boulder beetle.
You squeeze the boulder beetle, but do no damage.
The boulder beetle is severely wounded.
The boulder beetle is stunned by your conviction and fails to attack.
Unknown command.
You don't have enough magic at the moment.
The boulder beetle curls into a ball and begins rolling!
The boulder beetle hits you!!!
Ouch! That really hurt!
You die...

#.......#######'###.
#..#..#.#.........#.
#.......#########.#.
#..........######.#.
#..#..#..#.#......#.
#..........########.
#.°.######## ######
#°#?#....... #.....
#○#@#....... #.....
#.B.'.############'#
#...#.#.............
#...#.#.#..#..##..#.
#...#.#.............
#...#.'..........###
#...#.#....#.#####..
#.#.###....#.#......
#...# #.#....#####..


You could see a boulder beetle (rolling, poisoned).

Vanquished Creatures
  Harold (D:11)
  Erolcha (D:11)
  Erica (D:9)
  3 two-headed ogres
  The ghost of meatgazer the Envoy of Void, a novice DsAK of Lugonu (D:6)
  3 manticores
  An elephant (D:10)
  Maurice (D:11)
  A tengu conjurer (D:12)
  A hornet (D:11)
  3 trolls
  Prince Ribbit (D:6)
  A slime creature (D:7)
  2 meliai zombies (D:11)
  A wraith (D:9)
  3 shadows (D:11)
  6 yaks
  2 vampires
  A wyvern (D:10)
  A basilisk (D:11)
  An acid dragon (D:9)
  A water moccasin (D:5)
  A hornet zombie (D:7)
  2 ice beasts
  3 orc warriors
  2 black bears
  5 necrophages
  2 sky beasts
  5 ogres
  2 centaurs
  2 kobold brigands
  3 bullfrogs
  A gnoll sergeant (D:9)
  A wyvern zombie (D:6)
  A water moccasin skeleton (D:5)
  8 wights
  3 centaur zombies
  4 howler monkeys
  A bullfrog zombie (D:5)
  Crazy Yiuf (D:7)
  10 orc priests
  A centaur skeleton (D:7)
  6 hounds
  A bullfrog skeleton (D:6)
  An iguana (D:6)
  11 orc wizards
  A scorpion zombie (D:5)
  A killer bee zombie (D:8)
  A hound skeleton (D:5)
  2 mummies (D:10)
  A howler monkey zombie (D:9)
  6 adders
  9 gnolls
  A shadow imp (D:8)
  A white imp (D:7)
  A worm (D:4)
  4 dart slugs
  38 orcs
  4 bats
  9 endoplasms
  5 giant cockroaches
  3 goblins
  11 hobgoblins
  3 quokkas
  9 ball pythons
  5 frilled lizards
  18 kobolds
  5 rats
252 creatures vanquished.

Vanquished Creatures (others)
  An unseen horror (D:10)
  A shadow (D:10)
  A water moccasin (D:7)
  A bullfrog zombie (D:5)
  9 fungi
  3 plants
  A withered plant (D:10)
17 creatures vanquished.

Grand Total: 269 creatures vanquished

Notes
Turn   | Place    | Note
-------+----------+-------------------------------------------
     0 | D:1      | browni3141 the Octopode Venom Mage began the quest for the
                  | Orb.
     0 | D:1      | Reached XP level 1. HP: 11/11 MP: 3/3
   189 | D:1      | Reached skill level 4 in Poison Magic
   268 | D:1      | Reached XP level 2. HP: 17/17 MP: 3/5
   271 | D:1      | Learned a level 2 spell: Poisonous Vapours
  1007 | D:2      | Reached XP level 3. HP: 21/21 MP: 4/6
  1017 | D:2      | Reached skill level 5 in Poison Magic
  1180 | D:2      | Learned a level 3 spell: Mephitic Cloud
  1258 | D:2      | Found a shimmering altar of Xom.
  1350 | D:2      | Found a faded altar of an unknown god.
  1375 | D:2      | Got Plato's Compendium of Conjuration
  1643 | D:2      | Reached XP level 4. HP: 27/27 MP: 5/7
  2077 | D:3      | Found a shadowy altar of Dithmenos.
  2175 | D:3      | Reached skill level 6 in Poison Magic
  2765 | D:3      | Reached XP level 5. HP: 31/31 MP: 0/8
  3012 | D:3      | Found a sacrificial altar of Ru.
  3020 | D:3      | Became a worshipper of Ru the Awakened
  3672 | D:4      | Noticed a necrophage
  3687 | D:4      | Killed a necrophage
  3688 | D:4      | Reached skill level 7 in Poison Magic
  3688 | D:4      | Reached XP level 6. HP: 20/36 MP: 5/10
  3969 | D:4      | Gained mutation: You are missing a hand. [Ru sacrifice]
  3969 | D:4      | Reached * piety under Ru
  3969 | D:4      | Reached ** piety under Ru
  4358 | D:5      | Entered Level 5 of the Dungeon
  4369 | D:5      | Noticed a water moccasin
  4456 | D:5      | Killed a water moccasin
  4457 | D:5      | Reached skill level 8 in Poison Magic
  4521 | D:5      | Reached XP level 7. HP: 35/41 MP: 11/11
  4650 | D:5      | Found a hide-covered altar of Uskayaw.
  4679 | D:5      | Reached skill level 9 in Poison Magic
  4990 | D:4      | Learned a level 4 spell: Olgreb's Toxic Radiance
  5109 | D:5      | Found a staircase to the Ecumenical Temple.
  5212 | D:5      | Reached skill level 10 in Poison Magic
  5324 | D:5      | Reached XP level 8. HP: 46/46 MP: 3/12
  5486 | D:6      | Reached skill level 11 in Poison Magic
  5763 | D:6      | Found a transporter.
  5768 | D:6      | Noticed meatgazer's ghost (novice DsAK)
  5773 | D:6      | Found a transporter.
  5867 | D:6      | Reached skill level 12 in Poison Magic
  5880 | D:6      | Noticed Prince Ribbit
  5903 | D:6      | Killed Prince Ribbit
  5904 | D:6      | Reached skill level 1 in Fighting
  6007 | D:6      | Reached skill level 1 in Unarmed Combat
  6007 | D:6      | Reached skill level 1 in Conjurations
  6007 | D:6      | Reached skill level 1 in Air Magic
  6061 | D:6      | Reached XP level 9. HP: 29/54 MP: 9/13
  6292 | D:6      | Found a glowing silver altar of Zin.
  6293 | D:6      | Noticed an angel
  6356 | D:7      | Found a runed translucent door.
  6357 | D:7      | Noticed Crazy Yiuf
  6542 | D:7      | Gained mutation: You are hated by all. [Ru sacrifice]
  6542 | D:7      | Reached *** piety under Ru
  6542 | D:7      | Reached **** piety under Ru
  6569 | D:7      | Noticed a two-headed ogre
  6907 | D:7      | Noticed a troll
  7485 | D:7      | Killed a troll
  7783 | D:7      | Reached skill level 5 in Dodging
  8024 | D:7      | Killed a two-headed ogre
  8025 | D:7      | Reached skill level 5 in Fighting
  8025 | D:7      | Reached XP level 10. HP: 66/66 MP: 3/14
  8529 | D:8      | Found a shimmering altar of Xom.
  9439 | D:9      | Noticed Erica
  9666 | D:9      | Noticed a two-headed ogre
  9873 | D:9      | Killed Erica
  9962 | D:9      | Killed a two-headed ogre
  9963 | D:9      | Reached skill level 5 in Unarmed Combat
 10276 | D:9      | Found Vueduvaa's Demolitions Depot.
 10458 | D:10     | Entered Level 10 of the Dungeon
 10510 | D:10     | Reached skill level 5 in Stealth
 10568 | D:10     | Gained mutation: You are slightly weak-willed. (Will-) [Ru
                  | sacrifice]
 10568 | D:10     | Reached ***** piety under Ru
 10796 | D:10     | Reached XP level 11. HP: 40/74 MP: 17/17
 10865 | D:10     | Found an opulent altar of Gozag.
 10967 | D:10     | Reached skill level 5 in Spellcasting
 11102 | D:10     | Noticed a two-headed ogre
 11105 | D:10     | Noticed a two-headed ogre
 11105 | D:10     | Noticed a two-headed ogre
 11105 | D:10     | Noticed Woods's ghost (novice DjFE)
 11106 | D:10     | Noticed a moth of wrath
 11109 | D:10     | Noticed a tengu warrior
 11171 | D:10     | Found a transporter.
 11177 | D:10     | Found a transporter.
 11187 | D:10     | Found a bloodstained altar of Trog.
 11208 | D:10     | Noticed a two-headed ogre
 11268 | D:10     | Found a faded altar of an unknown god.
 11268 | D:10     | Found a burning altar of Makhleb.
 11274 | D:10     | Found a faded altar of an unknown god.
 11278 | D:10     | Found a broken altar of Ashenzari.
 11722 | D:10     | Noticed a two-headed ogre
 11762 | D:11     | Noticed a two-headed ogre
 11795 | D:11     | Noticed a manticore
 11805 | D:11     | Noticed Erolcha
 11959 | D:11     | Reached skill level 1 in Short Blades
 12208 | D:11     | Noticed Harold
 12344 | D:7      | Killed Crazy Yiuf
 12450 | D:6      | Killed meatgazer's ghost
 13240 | D:11     | Found a bloodstained altar of Trog.
 13451 | D:11     | Found a staircase to the Lair.
 13465 | D:11     | Killed a manticore
 13563 | D:11     | Killed a two-headed ogre
 13580 | D:11     | Reached skill level 1 in Evocations
 13645 | D:11     | Noticed Maurice
 13688 | D:11     | Noticed a manticore
 13701 | D:11     | Killed a manticore
 13791 | D:11     | Noticed Urug
 13835 | D:11     | Noticed a boulder beetle
 13877 | D:12     | Noticed a manticore
 13888 | D:12     | Killed a manticore
 13889 | D:12     | Reached XP level 12. HP: 48/75 MP: 2/21
 14187 | D:12     | Noticed a tengu warrior
 14299 | D:11     | Killed Maurice
 14315 | D:11     | Killed Harold
 14407 | D:11     | Killed Erolcha
 14550 | D:11     | Mangled by a boulder beetle

Illustrated notes

Levels and vault maps discovered:
D:1:      nzn_arrival_settlement, layout_basic, dk_noncrumbling_2
D:2:      layout_basic, basic_altar, shapermc_ecumenical_altar_rom_forum
D:3:      layout_basic, nicolae_ru_awakened_eye,
          nicolae_dithmenos_shadow_blocks, minmay_quantized
D:4:      layout_gridville
D:5:      layout_basic, mainiacjoe_overflow_boulevard,
          minmay_temple_entry_glassed_door, serial_aquarium,
          aquarium_bridge_straight [aquarium_subvault_bridge,
          aquarium_subvault_wall, aquarium_subvault_bridge,
          aquarium_subvault_balcony], aquarium_window_corridor_1,
          aquarium_window_2, aquarium_view_2b, minmay_stone_trees_small,
          water_maze_lemuel
D:6:      layout_cave_pools, zin_angel, gammafunk_ghost_smash,
          uniq_prince_ribbit1
D:7:      layout_basic, minmay_chambers_of_fives, uniq_crazy_yiuf_cottage
D:8:      layout_loops_ring, mainiacjoe_overflow_paths
D:9:      layout_loops_ring, nicolae_blasting_shop, uniq_erica
D:10:     layout_layer_cave, old_standard_altar,
          chequers_temple_overflow_minitemple, serial_undead, serial_undead_d,
          serial_undead_d, serial_undead_c, serial_undead_e, serial_undead_b,
          serial_undead_f, gammafunk_ghost_wrathful_warriors, hive_lemuel
D:11:     layout_stronghold, david_lair_generic, trog_three_pillars_becter,
          uniq_maurice, uniq_harold, uniq_erolcha, uniq_urug
D:12:     layout_big_octagon, david_orc_3, grunt_qazlal_clouds, uniq_nessos

Skill      XL: |  1  2  3  4  5  6  7  8  9 10 11 12 |
---------------+-------------------------------------+-----
Poison Magic   | 4 5 6 7 8 10 12 | 12.1
Spellcasting   | 3 4 6 |  6.4
Fighting       | 2 5 6 8 |  8.3
Unarmed Combat | 1 3 5 |  5.1
Conjurations   | 1 3 |  3.0
Air Magic      | 1 3 |  3.0
Dodging        | 3 6 7 8 |  8.7
Stealth        | 5 8 |  8.8
Short Blades   | 3 4 |  4.0
Evocations     | 1 2 |  2.3
Transmutations | |  1.0

Action                   |  1- 3 |  4- 6 |  7- 9 | 10-12 || total
-------------------------+-------+-------+-------+-------++-------
Melee: Unarmed           |     3 |    80 |   233 |    85 ||   401
       Tentacles         |     1 |    17 |    32 |    46 ||    96
       Constrict         |       |    22 |    39 |    31 ||    92
       Punch             |       |       |     3 |     8 ||    11
       Dagger            |       |       |       |   181 ||   181
 Cast: Sting             |    35 |    31 |    16 |     4 ||    86
       Poisonous Vapours |       |    15 |    18 |    25 ||    58
       Olgreb's Toxic Ra |       |       |    13 |    22 ||    35
       Mephitic Cloud    |       |       |     8 |    25 ||    33
Invok: Sacrifice a Hand  |       |     1 |       |       ||     1
       Power Leap        |       |       |    10 |    14 ||    24
       Sacrifice Love    |       |       |     1 |       ||     1
       Sacrifice Essence |       |       |       |     1 ||     1
       Apocalypse        |       |       |       |     3 ||     3
Evoke: Wand              |       |       |     3 |     1 ||     4
  Use: Scroll            |       |     2 |     2 |     2 ||     6
       Potion            |       |     1 |     1 |       ||     2
 Stab: Sleeping          |     1 |    12 |     3 |    11 ||    27
       Distracted        |       |       |     2 |       ||     2
       Invisible         |       |       |     4 |     1 ||     5
       Confused          |       |       |       |     6 ||     6
       Paralysed         |       |       |       |     5 ||     5
Armor: Skin              |       |     6 |    12 |     9 ||    27
Dodge: Dodged            |     7 |    56 |   128 |   172 ||   363

Table legend: (Time is in decaauts)
 A = Elapsed time spent in this place.
 B = Non-inter-level travel time spent in this place.
 C = Inter-level travel time spent in this place.
 D = Time resting spent in this place.
 E = Time spent auto-exploring this place.
 F = Levels seen in this place.
 G = Mean time per level.
                   A        B        C        D        E       F      G
               +--------+--------+--------+--------+--------+-----+--------+
         Total |  14567 |  13399 |   1168 |   1028 |   9417 |  12 | 1213.9 |
       Dungeon |  14567 |  13399 |   1168 |   1028 |   9417 |  12 | 1213.9 |
               +--------+--------+--------+--------+--------+-----+--------+

Top non-repeatable levels by time:
     D:7: 1963 daAuts
    D:10: 1645 daAuts
     D:3: 1336 daAuts
     D:6: 1333 daAuts
     D:9: 1299 daAuts
     D:2: 1249 daAuts
    D:11: 1239 daAuts
     D:5: 1128 daAuts
     D:4: 1116 daAuts
     D:1: 1000 daAuts
     D:8: 889 daAuts
    D:12: 366 daAuts
